NYP
EUGENE EMERALDS @ WILLIAMSPORT CROSSCUTTERS
08/22/2046
 
TOP OF THE 1ST
Eugene Emeralds batting - Pitching for Williamsport Crosscutters : RHP Vince DeFord
Pitching: RHP Vince DeFord
Batting: RHB Du Kim 0-0: Foul Ball, location: 2F
0-1: SINGLE (Groundball, 56D, EV 111.2 MPH)
Batting: RHB Bill Holmes 0-0: Foul Ball, location: 2F
0-1: Called Strike
Du Kim steals 2nd base
0-2: Strikes out swinging
Batting: RHB Eric Wiss 0-0: SINGLE (Groundball, 56, EV 86.2 MPH) (infield hit)
Du Kim to third
Batting: RHB Taylor Garofalo 0-0: Ball
1-0: Foul Ball, location: 2F
1-1: Foul Ball, location: 2F
1-2: Ball
2-2: Foul Ball, location: 2F
2-2: Strikes out looking
Batting: RHB Tim Long 0-0: Called Strike
0-1: Ball
1-1: Swinging Strike
1-2: Ball
2-2: Fly out, F7 (Flyball, 78M, EV 83.1 MPH)
Top of the 1st over - 0 runs, 2 hits, 0 errors, 2 left on base; Eugene 0 - Williamsport 0
BOTTOM OF THE 1ST
Williamsport Crosscutters batting - Pitching for Eugene Emeralds : RHP Dwight Bean
Pitching: RHP Dwight Bean
Batting: SHB Ryohei Nakano 0-0: Called Strike
0-1: Fly out, F8 (Flyball, 89D, EV 100.0 MPH)
Batting: RHB Marcus Carter 0-0: Ball
1-0: Ball
2-0: Foul Ball, location: 2F
2-1: Ball
3-1: Fly out, F1 (Line Drive, P, EV 67.5 MPH)
Batting: LHB Matt Calitri 0-0: Ball
1-0: Foul Ball, location: 2F
1-1: Fly out, F8 (Flyball, 8RD, EV 83.8 MPH)
Bottom of the 1st over - 0 runs, 0 hits, 0 errors, 0 left on base; Eugene 0 - Williamsport 0
TOP OF THE 2ND
Eugene Emeralds batting - Pitching for Williamsport Crosscutters : RHP Vince DeFord
Batting: RHB Jerry Blas 0-0: Foul Ball, location: 2F
0-1: Ball
1-1: Called Strike
1-2: Ground out 6-3 (Groundball, 6, EV 86.2 MPH)
Batting: RHB Josh Asch 0-0: Ball
1-0: Ground out 4-3 (Groundball, 4, EV 82.5 MPH)
Batting: RHB Alvaro Romero 0-0: Called Strike
0-1: Called Strike
0-2: Foul Ball, location: 2F
0-2: Strikes out swinging
Top of the 2nd over - 0 runs, 0 hits, 0 errors, 0 left on base; Eugene 0 - Williamsport 0
BOTTOM OF THE 2ND
Williamsport Crosscutters batting - Pitching for Eugene Emeralds : RHP Dwight Bean
Batting: RHB Josh Baker 0-0: Ball
1-0: Ball
2-0: Ball
3-0: Base on Balls
Batting: RHB Seth Daniel 0-0: SINGLE (Flyball, 78S, EV 82.5 MPH)
Josh Baker to second
Batting: RHB Dante McCauley 0-0: Ball
1-0: SINGLE (Groundball, 3D, EV 103.1 MPH)
Josh Baker to third
Seth Daniel to second
Runner from 3rd tries for Home, SAFE, throw by RF to home
Batting: SHB Brendan Bundy 0-0: Called Strike
Seth Daniel is caught stealing 3rd base 2-5
0-1: Ball
1-1: 2-RUN HOME RUN (Flyball, 7D, EV 99.4 MPH), Distance : 384 ft
Pitching: RHP Carlos Zavala
Batting: RHB Bryan Alfaro 0-0: Foul Ball, location: 2F
0-1: Ball
1-1: Swinging Strike
1-2: Ball
2-2: Strikes out looking
Batting: RHB Phil Knox 0-0: Called Strike
0-1: Foul Ball, location: 2F
0-2: Strikes out swinging
Bottom of the 2nd over - 3 runs, 3 hits, 0 errors, 0 left on base; Eugene 0 - Williamsport 3
TOP OF THE 3RD
Eugene Emeralds batting - Pitching for Williamsport Crosscutters : RHP Vince DeFord
Batting: RHB Jonathan Ridgely 0-0: Called Strike
0-1: Swinging Strike
0-2: Ball
1-2: Strikes out looking
Batting: RHB Du Kim 0-0: Foul Ball, location: 2F
0-1: Foul Ball, location: 2F
0-2: Ball
1-2: Strikes out swinging
Batting: RHB Bill Holmes 0-0: Called Strike
0-1: Swinging Strike
0-2: Ground out 1-3 (Groundball, P, EV 63.1 MPH)
Top of the 3rd over - 0 runs, 0 hits, 0 errors, 0 left on base; Eugene 0 - Williamsport 3
BOTTOM OF THE 3RD
Williamsport Crosscutters batting - Pitching for Eugene Emeralds : RHP Carlos Zavala
Batting: SHB Ryohei Nakano 0-0: Ground out 4-3 (Groundball, 4, EV 101.9 MPH)
Batting: RHB Marcus Carter 0-0: Called Strike
0-1: Ball
1-1: Ball
2-1: Ball
3-1: Base on Balls
Batting: LHB Matt Calitri 0-0: Ball
Marcus Carter steals 2nd base
1-0: SINGLE (Line Drive, 6D, EV 110.6 MPH)
Marcus Carter to third
Batting: RHB Josh Baker 0-0: Ball
1-0: Ball
2-0: Ball
3-0: Base on Balls
Matt Calitri to second
Pitching: RHP Dustin Buckner
Batting: RHB Seth Daniel 0-0: Foul Ball, location: 2F
0-1: Ball
1-1: Called Strike
1-2: Foul Ball, location: 2F
1-2: Fielders Choice at 2nd, 3-6 (Groundball, 34S, EV 90.6 MPH)
Marcus Carter scores
Matt Calitri to third
Batting: RHB Dante McCauley 0-0: Called Strike
0-1: Ball
1-1: Ball
2-1: Ball
3-1: Foul Ball, location: 2F
3-2: Reached on error, E5 (Groundball, 5, EV 86.2 MPH)
Matt Calitri scores
Seth Daniel to second
Batting: SHB Brendan Bundy 0-0: Swinging Strike
0-1: Foul Ball, location: 2F
0-2: Ball
1-2: Foul Ball, location: 2F
1-2: Ball
2-2: Strikes out swinging
Bottom of the 3rd over - 2 runs, 1 hit, 1 error, 2 left on base; Eugene 0 - Williamsport 5
TOP OF THE 4TH
Eugene Emeralds batting - Pitching for Williamsport Crosscutters : RHP Vince DeFord
Batting: RHB Eric Wiss 0-0: Swinging Strike
0-1: Ball
1-1: Called Strike
1-2: Ball
2-2: Strikes out swinging
Batting: RHB Taylor Garofalo 0-0: Called Strike
0-1: Fly out, F9 (Flyball, 9D, EV 100.6 MPH)
Batting: RHB Tim Long 0-0: Foul Ball, location: 2F
0-1: Ball
1-1: Ball
2-1: Foul Ball, location: 2F
2-2: Ball
3-2: Fly out, F8 (Flyball, 8RS, EV 87.5 MPH)
Top of the 4th over - 0 runs, 0 hits, 0 errors, 0 left on base; Eugene 0 - Williamsport 5
BOTTOM OF THE 4TH
Williamsport Crosscutters batting - Pitching for Eugene Emeralds : RHP Dustin Buckner
Batting: RHB Bryan Alfaro 0-0: Ball
1-0: Ball
2-0: Foul Ball, location: 2F
2-1: Foul Ball, location: 2F
2-2: Ball
3-2: Base on Balls
Pitching: RHP Angel Pesina
Batting: RHB Phil Knox 0-0: Ball
Bryan Alfaro steals 2nd base
1-0: Ground out 6-3 (Groundball, 6M, EV 81.9 MPH)
Bryan Alfaro to third
Batting: SHB Ryohei Nakano 0-0: Ball
1-0: Ball
2-0: Ball
3-0: Called Strike
3-1: Called Strike
3-2: Base on Balls
Batting: RHB Marcus Carter 0-0: Ball
1-0: Ball
2-0: Ball
3-0: Base on Balls
Ryohei Nakano to second
Batting: LHB Matt Calitri 0-0: Foul Ball, location: 2F
0-1: Ball
1-1: Fly out, F7 (Flyball, 7, EV 90.0 MPH)
Runner from 3rd tags up, SCORES, throw by LF
Batting: RHB Josh Baker 0-0: Swinging Strike
0-1: 3-RUN HOME RUN (Line Drive, 78XD, EV 109.4 MPH), Distance : 424 ft
Batting: RHB Seth Daniel 0-0: Ball
1-0: Foul Ball, location: 2F
1-1: Ball
2-1: Ball
3-1: Base on Balls
Pitching: LHP Eddie Panagos
Batting: RHB Dante McCauley 0-0: Called Strike
0-1: Called Strike
0-2: Ball
Passed Ball!
Seth Daniel to second
1-2: Foul Ball, location: 2F
1-2: Foul Ball, location: 2F
1-2: Ground out 4-3 (Groundball, 4M, EV 82.5 MPH)
Bottom of the 4th over - 4 runs, 1 hit, 0 errors, 1 left on base; Eugene 0 - Williamsport 9
TOP OF THE 5TH
Eugene Emeralds batting - Pitching for Williamsport Crosscutters : RHP Vince DeFord
Batting: RHB Jerry Blas 0-0: Called Strike
0-1: Ball
1-1: Ball
2-1: Foul Ball, location: 2F
2-2: Strikes out looking
Batting: RHB Josh Asch 0-0: Swinging Strike
0-1: Ball
1-1: Foul Ball, location: 2F
1-2: SINGLE (Groundball, 6MD, EV 108.1 MPH)
Batting: RHB Alvaro Romero 0-0: Called Strike
Josh Asch is caught stealing 2nd base 2-4
0-1: Ball
1-1: Foul Ball, location: 2F
1-2: Strikes out swinging
Top of the 5th over - 0 runs, 1 hit, 0 errors, 0 left on base; Eugene 0 - Williamsport 9
BOTTOM OF THE 5TH
Williamsport Crosscutters batting - Pitching for Eugene Emeralds : LHP Eddie Panagos
Batting: SHB Brendan Bundy 0-0: Called Strike
0-1: Ground out 4-3 (Groundball, 4, EV 84.4 MPH)
Batting: RHB Bryan Alfaro 0-0: SINGLE (Flyball, 9LS, EV 93.8 MPH)
Batting: RHB Phil Knox 0-0: Ball
1-0: Fielders Choice at 2nd, 3-6 (Groundball, 34S, EV 90.6 MPH)
Batting: SHB Ryohei Nakano 0-0: Called Strike
0-1: Called Strike
0-2: Ball
1-2: Foul Ball, location: 2F
1-2: Ground out 3-1 (Groundball, 13, EV 83.1 MPH)
Bottom of the 5th over - 0 runs, 1 hit, 0 errors, 1 left on base; Eugene 0 - Williamsport 9
TOP OF THE 6TH
Eugene Emeralds batting - Pitching for Williamsport Crosscutters : RHP Vince DeFord
Batting: RHB Jonathan Ridgely 0-0: Called Strike
0-1: Ball
1-1: DOUBLE (Flyball, 9D, EV 82.5 MPH)
Batting: RHB Du Kim 0-0: Ball
1-0: Called Strike
1-1: Ball
2-1: Foul Ball, location: 2F
2-2: Ball
3-2: Foul Ball, location: 2F
3-2: Foul Ball, location: 2F
3-2: Strikes out swinging
Batting: RHB Bill Holmes 0-0: Ball
1-0: Called Strike
1-1: Ball
2-1: Ball
3-1: Called Strike
3-2: Foul Ball, location: 2F
3-2: Strikes out swinging
Batting: RHB Eric Wiss 0-0: 2-RUN HOME RUN (Flyball, 7LD, EV 95.6 MPH), Distance : 348 ft
Batting: RHB Taylor Garofalo 0-0: Ball
1-0: Foul Ball, location: 2F
1-1: Called Strike
1-2: Ball
2-2: Ball
3-2: Base on Balls
Batting: RHB Tim Long 0-0: Foul Ball, location: 2F
0-1: Ball
Wild Pitch!
Taylor Garofalo to second
1-1: Foul Ball, location: 2F
1-2: Strikes out swinging
Top of the 6th over - 2 runs, 2 hits, 0 errors, 1 left on base; Eugene 2 - Williamsport 9
BOTTOM OF THE 6TH
Williamsport Crosscutters batting - Pitching for Eugene Emeralds : LHP Eddie Panagos
Batting: RHB Marcus Carter 0-0: Swinging Strike
0-1: Ball
1-1: SINGLE (Groundball, 6MD, EV 103.8 MPH)
Batting: LHB Matt Calitri 0-0: Ball
1-0: SINGLE (Groundball, 4MD, EV 103.8 MPH)
Marcus Carter to second
Batting: RHB Josh Baker 0-0: Foul Ball, location: 2F
0-1: Ball
1-1: Swinging Strike
1-2: Ball
Passed Ball!
Marcus Carter to third
Matt Calitri to second
2-2: Ball
3-2: Strikes out swinging
Batting: RHB Seth Daniel 0-0: Foul Ball, location: 2F
0-1: Swinging Strike
0-2: SINGLE (Groundball, 34D, EV 95.0 MPH)
Marcus Carter scores
Matt Calitri to third
Runner from 3rd tries for Home, SAFE, throw by RF to home
Batting: RHB Dante McCauley 0-0: Ball
1-0: Grounds into double play, 6-4-3 (Groundball, 6, EV 97.5 MPH)
Bottom of the 6th over - 2 runs, 3 hits, 0 errors, 0 left on base; Eugene 2 - Williamsport 11
TOP OF THE 7TH
Eugene Emeralds batting - Pitching for Williamsport Crosscutters : RHP Vince DeFord
Pitching: RHP Todd Cox
Batting: RHB Jerry Blas 0-0: Ball
1-0: Ball
2-0: Ball
3-0: Called Strike
3-1: Foul Ball, location: 2F
3-2: Foul Ball, location: 2F
3-2: DOUBLE (Line Drive, 9LM, EV 101.9 MPH)
Batting: RHB Mike Larson 0-0: TRIPLE (Flyball, 9LD, EV 110.0 MPH)
Jerry Blas scores
Batting: RHB Alvaro Romero 0-0: Ball
1-0: Ball
2-0: Foul Ball, location: 2F
2-1: Ground out 6-3 (Groundball, 56, EV 87.5 MPH)
Mike Larson scores
Batting: RHB Jonathan Ridgely 0-0: Ball
1-0: Called Strike
1-1: Ball
2-1: Swinging Strike
2-2: Ball
3-2: Ground out 5-3 (Groundball, 56, EV 80.6 MPH)
Pinch Hitting: RHB Roy Battist 0-0: Called Strike
0-1: Swinging Strike
0-2: Strikes out swinging
Top of the 7th over - 2 runs, 2 hits, 0 errors, 0 left on base; Eugene 4 - Williamsport 11
BOTTOM OF THE 7TH
Williamsport Crosscutters batting - Pitching for Eugene Emeralds : LHP Eddie Panagos
Now in CF: Roy Battist
Batting: SHB Brendan Bundy 0-0: Ground out 3-1 (Groundball, 34, EV 88.1 MPH)
Batting: RHB Bryan Alfaro 0-0: Ball
1-0: SINGLE (Groundball, 56D, EV 106.2 MPH)
Batting: RHB Phil Knox 0-0: Ball
1-0: Ball
2-0: Ball
Passed Ball!
Bryan Alfaro to second
3-0: Base on Balls
Batting: SHB Ryohei Nakano 0-0: Called Strike
0-1: Foul Ball, location: 2F
0-2: Ball
1-2: Foul Ball, location: 2F
1-2: Strikes out swinging
Pinch Hitting: RHB Zachary Anderson 0-0: Called Strike
0-1: Ball
1-1: TRIPLE (Line Drive, 89XD, EV 103.1 MPH)
Bryan Alfaro scores
Phil Knox scores
Pinch Hitting: LHB Fernando Amaya 0-0: Ball
1-0: Foul Ball, location: 2F
1-1: Ball
2-1: Called Strike
2-2: Ball
3-2: Base on Balls
Pinch Hitting: RHB Jeremy Mercer 0-0: Called Strike
0-1: Fielders Choice at 2nd, 5-4 (Groundball, 5L, EV 82.5 MPH)
Bottom of the 7th over - 2 runs, 2 hits, 0 errors, 2 left on base; Eugene 4 - Williamsport 13
TOP OF THE 8TH
Eugene Emeralds batting - Pitching for Williamsport Crosscutters : RHP Todd Cox
Now at 1B: Jeremy Mercer
Now at 3B: Zachary Anderson
Now in RF: Fernando Amaya
Pinch Hitting: RHB Josh Burns 0-0: Ball
1-0: Ball
2-0: Fly out, F7 (Flyball, 7D, EV 88.8 MPH)
Batting: RHB Eric Wiss 0-0: Called Strike
0-1: Ball
1-1: Swinging Strike
1-2: Ball
2-2: Ball
3-2: Foul Ball, location: 2F
3-2: Strikes out swinging
Batting: RHB Taylor Garofalo 0-0: Ball
1-0: Ball
2-0: Called Strike
2-1: Swinging Strike
2-2: Ball
3-2: Foul Ball, location: 2F
3-2: Base on Balls
Pitching: LHP Cody Bodenhamer
Batting: RHB Tim Long 0-0: Swinging Strike
0-1: Ball
1-1: 2-RUN HOME RUN (Flyball, 7D, EV 100.6 MPH), Distance : 385 ft
Batting: RHB Jerry Blas 0-0: Called Strike
0-1: Ball
1-1: Swinging Strike
1-2: Strikes out swinging
Top of the 8th over - 2 runs, 1 hit, 0 errors, 0 left on base; Eugene 6 - Williamsport 13
BOTTOM OF THE 8TH
Williamsport Crosscutters batting - Pitching for Eugene Emeralds : LHP Eddie Panagos
Now at 1B: Josh Burns
Batting: RHB Seth Daniel 0-0: Foul Ball, location: 2F
0-1: Foul Ball, location: 2F
0-2: Fly out, F8 (Flyball, 8RXD, EV 94.4 MPH)
Batting: RHB Dante McCauley 0-0: Called Strike
0-1: Ball
1-1: Foul Ball, location: 2F
1-2: SINGLE (Line Drive, 7S, EV 101.9 MPH)
Pitching: RHP Juan Bonilla
Batting: SHB Brendan Bundy 0-0: Called Strike
0-1: Ball
1-1: Foul Ball, location: 2F
1-2: Ball
2-2: Ball
3-2: Foul Ball, location: 2F
3-2: Base on Balls
Dante McCauley to second
Batting: RHB Bryan Alfaro 0-0: Ball
1-0: Called Strike
1-1: Ball
2-1: Foul Ball, location: 2F
2-2: Ball
3-2: Base on Balls
Dante McCauley to third
Brendan Bundy to second
Batting: RHB Phil Knox 0-0: Called Strike
0-1: Foul Ball, location: 2F
0-2: SINGLE (Line Drive, 4MD, EV 94.4 MPH)
Dante McCauley scores
Brendan Bundy to third
Bryan Alfaro to second
Batting: SHB Ryohei Nakano 0-0: Called Strike
0-1: Hit by Pitch
Brendan Bundy scores
Bryan Alfaro to third
Phil Knox to second
Batting: RHB Zachary Anderson 0-0: Grounds into double play, 5-4-3 (Groundball, 56S, EV 81.9 MPH)
Bottom of the 8th over - 2 runs, 2 hits, 0 errors, 2 left on base; Eugene 6 - Williamsport 15
TOP OF THE 9TH
Eugene Emeralds batting - Pitching for Williamsport Crosscutters : LHP Cody Bodenhamer
Batting: RHB Mike Larson 0-0: Single, Error in OF, E8, batter to second base (Groundball, 4MD, EV 96.2 MPH)
Batting: RHB Alvaro Romero 0-0: Ball
Wild Pitch!
Mike Larson to third
1-0: Ground out U3 (Groundball, 34, EV 91.2 MPH)
Mike Larson scores
Batting: RHB Jonathan Ridgely 0-0: Ground out U3 (Groundball, 3S, EV 91.2 MPH)
Batting: RHB Roy Battist 0-0: Called Strike
0-1: Foul Ball, location: 2F
0-2: Ball
1-2: Ball
2-2: Strikes out swinging
Top of the 9th over - 1 run, 1 hit, 1 error, 0 left on base; Eugene 7 - Williamsport 15
Tuesday, September 13th , 2022 - OOTP Baseball 23.7 Build 88